 Dungeon Crawl Stone Soup version 0.30-a0-354-g6b83867211 (webtiles) character file.

Game seed: 1004352549789594804

604 koil the Sneak (level 7, 0/33 (35) HPs)
             Began as a Spriggan Enchanter on Nov 7, 2022.
             Slain by a wight
             ... wielding a +0 morningstar
              (2 damage)
             ... on level 4 of the Dungeon.
             The game lasted 00:12:35 (3227 turns).

koil the Sneak (Spriggan Enchanter)                 Turns: 3227, Time: 00:12:35

HP:   0/33 (35)     AC:  6    Str:  4    XL:     7   Next: 18%
MP:   3/14          EV: 20    Int: 18    God:
Gold: 52            SH:  0    Dex: 22    Spells: 7/15 levels left

rFire   . . .      SeeInvis +    a - +2 dagger (elec)
rCold   . . .      Faith    .    (no shield)
rNeg    . . .      Spirit   .    b - +0 robe
rPois   .          Reflect  .    (helmet restricted)
rElec   .          Harm     .    (no cloak)
rCorr   .          Rampage  .    (gloves unavailable)
Will    +....                    (boots unavailable)
Stlth   ++++......               d - amulet of regeneration
HPRegen 1.05/turn                n - +4 ring of protection
MPRegen 0.14/turn                o - +6 ring of dexterity

@: very slightly contaminated, drained, very quick
A: very small, no large weapons, unfitting armour, see invisible, speed 3
a: no special abilities


You were on level 4 of the Dungeon.
You visited 1 branch of the dungeon, and saw 4 of its levels.
You also visited: Sewer.

You collected 52 gold pieces.

Inventory:

Hand Weapons
 a - a +2 dagger of electrocution (weapon)
 t - a +1 dagger
 u - a +0 dagger of draining
Missiles
 p - 3 poisoned darts (quivered)
Armour
 b - a +0 robe (worn)
Jewellery
 d - an amulet of regeneration (around neck)
 m - a ring of protection from fire
 n - a +4 ring of protection (left hand)
 o - a +6 ring of dexterity (right hand)
Wands
 w - a wand of flame (9)
Scrolls
 e - 4 scrolls of identify {unknown}
 g - 3 scrolls of poison {unknown}
 k - a scroll of enchant weapon {unknown}
 q - a scroll of fog {unknown}
 r - a scroll of fear {unknown}
 s - a scroll of magic mapping {unknown}
 v - a scroll of amnesia {unknown}
Potions
 c - 3 potions of invisibility
 f - 3 potions of lignification {unknown}
 h - a potion of flight {unknown}
 i - a potion of attraction {unknown}
 j - 2 potions of curing {unknown}
 l - 2 potions of might {unknown}


   Skills:
 + Level 2.3 Fighting
 + Level 3.3 Short Blades
 + Level 4.8 Dodging
 + Level 6.4 Stealth
 + Level 4.5 Spellcasting
 + Level 1.0 Conjurations
 + Level 5.0 Hexes


You had 7 spell levels left.
You knew the following spells:

 Your Spells              Type           Power      Damage    Failure   Level
a - Ensorcelled Hibernat  Hex/Ice        26%        N/A       8%          2
b - Confusing Touch       Hex            22%        N/A       5%          3
c - Dazzling Flash        Conj/Hex       30%        N/A       12%         3

Your spell library contained the following spells:

 Spells                   Type           Power      Damage    Failure   Level
 Tukima's Dance           Hex            22%        N/A       5%          3
 Summon Ice Beast         Ice/Summ       4%         N/A       80%         4
 Summon Mana Viper        Hex/Summ       13%        N/A       80%         5
 Monstrous Menagerie      Summ           2%         N/A       100%        7


Dungeon Overview and Level Annotations

Branches:
Dungeon (4/15)              Sewer (visited)
 Temple: D:4-7

Altars:
Nemelex Xobeh
Uskayaw
Zin

Shops:
D:3 [:[*=

Annotations:
D:4 3 runed translucent doors, ScottyB's ghost, amateur HuBe


Innate Abilities, Weirdness & Mutations

You are very small and have problems with some larger weapons.
You are too small for most types of armour.
You have supernaturally acute eyesight. (SInv)
You cover ground extremely quickly. (Speed+++)


Message History

The wight hits the gnoll with a +5 short sword!
You hit the wight but do no damage.
The wight is severely damaged.
The gnoll misses you.
The gnoll hits the wight with a +0 flail!
The wight completely misses you. The wight closely misses you.
You hit the wight but do no damage.
The wight is severely damaged.
The gnoll closely misses you. The wight completely misses you.
The wight hits the wight with a +5 short sword.
The wight is destroyed!
Your Hexes skill increases to level 5!
You have reached level 7!
Casting: Confusing Touch (dangerous; 5% risk of failure)
Confirm with . or Enter, or press ? or * to list all spells.
Your hands begin to glow red.
The wight completely misses you. The gnoll closely misses you.
You hit the wight but do no damage.
The wight hits you with a +5 short sword.
You feel drained. The wight barely misses you. The gnoll completely misses you.
You hit the wight but do no damage. You hit the wight but do no damage.
The wight appears confused.
The gnoll seems less confused.
The gnoll hits you from afar with a +0 spear.
The gnoll completely misses you.
The wight barely misses the wight.
The wight hits the gnoll with a +5 short sword!
The gnoll is killed!
You are too injured to fight recklessly!
You catch the helpless wight completely off-guard!
You impale the wight!!
You destroy the wight!
The gnoll hits you from afar with a +0 spear.
Your life force feels restored.
Your Conjurations skill increases to level 1!
You are too injured to fight recklessly!
You are too injured to fight recklessly!
The wight hits you with a +0 morningstar!
* * * LOW HITPOINT WARNING * * *
You feel drained.
You die...

....# #.))#....# ..... ....#
#.[)#....# #.... ....# #..)#....#
#.... ##########...#....# #....
.............+....# #†...
.............#)...# #....
+####...z.........# #....
......##+++##....z# ####+###....
.....##KK.K.##g)@.# #...........
.....#KW#K#.K#.<).# #.......#+##
.....#8K#K#.8#....####.......#..#
##...#.K#.#..#...............#...
#...##.....##.........[.....'...
#....##.[.##................#...
##.....#####..........########.##
..######....#####.....#.........#
....†..#....')..#.....#.........#


You could see a wight (confused) and a gnoll.

Vanquished Creatures
  A water moccasin (Sewer)
  A black bear (D:4)
  2 wights (D:4)
  2 orc priests (D:3)
  3 orc wizards
  6 gnolls
  2 adders (D:3)
  A worm (D:2)
  15 orcs
  9 ball pythons
  3 bats
  7 endoplasms
  4 giant cockroaches
  2 goblins
  5 hobgoblins
  A jackal (Sewer)
  3 kobolds
  9 quokkas (D:3)
  A frilled lizard (D:3)
  8 rats
85 creatures vanquished.

Vanquished Creatures (others)
  A fungus (D:4)
  3 plants (D:4)
4 creatures vanquished.

Grand Total: 89 creatures vanquished

Notes
Turn   | Place    | Note
-------+----------+-------------------------------------------
     0 | D:1      | koil the Spriggan Enchanter began the quest for the Orb.
     0 | D:1      | Reached XP level 1. HP: 9/9 MP: 5/5
   153 | D:1      | Reached XP level 2. HP: 13/13 MP: 6/6
   162 | D:1      | Learned a level 2 spell: Ensorcelled Hibernation
   934 | D:2      | Found a hide-covered altar of Uskayaw.
  1323 | D:2      | Reached XP level 3. HP: 17/17 MP: 8/8
  1460 | D:3      | Found Unkasic's General Store.
  1537 | D:3      | Found Otef's Armour Shop.
  1587 | D:3      | Found Bashrunui's Jewellery Boutique.
  1677 | D:3      | Reached skill level 5 in Stealth
  1677 | D:3      | Reached XP level 4. HP: 18/21 MP: 2/9
  1690 | D:3      | Learned a level 3 spell: Confusing Touch
  1694 | D:3      | Learned a level 3 spell: Dazzling Flash
  1759 | D:3      | Reached skill level 1 in Fighting
  1917 | D:3      | Found Xena's Book Boutique.
  2081 | D:3      | Found a glowing drain.
  2111 | D:3      | Reached XP level 5. HP: 25/25 MP: 11/11
  2154 | Sewer    | Entered a sewer
  2209 | Sewer    | Noticed a water moccasin
  2226 | Sewer    | Killed a water moccasin
  2435 | D:3      | Reached XP level 6. HP: 30/30 MP: 5/13
  2594 | D:3      | Found a sparkling altar of Nemelex Xobeh.
  2660 | D:3      | Identified the +1 ring mail of Kindness {rC+ Int-4 SInv}
  2722 | D:3      | Found Ifik's Antique Armour Shoppe.
  2850 | D:3      | Found a glowing silver altar of Zin.
  2850 | D:3      | Noticed an angel
  2932 | D:4      | Found a runed translucent gate.
  2932 | D:4      | Found a runed translucent gate.
  2932 | D:4      | Found a runed translucent gate.
  2935 | D:4      | Noticed ScottyB's ghost (amateur HuBe)
  2944 | D:4      | Reached skill level 6 in Stealth
  3222 | D:4      | Reached skill level 5 in Hexes
  3222 | D:4      | Reached XP level 7. HP: 17/34 MP: 5/14
  3227 | D:4      | Reached skill level 1 in Conjurations
  3227 | D:4      | Slain by a wight

Illustrated notes

Levels and vault maps discovered:
D:1:      roderic_crop_circles_arrival_small, layout_loops_cross,
          minmay_misc_feat_iff, minmay_misc_feat_columns
D:2:      layout_loops_ring, basic_altar
D:3:      layout_basic, zin_angel, nemelex_dance_club_becter,
          gup_sewer_entry_pipe, serial_shops, nicolae_shop_stone,
          nicolae_shop_hallway_stairs, nicolae_square_shop, shop,
          nicolae_shop_window_shopping, minmay_misc_feat_doors, st_stairs_9
D:4:      layout_gridville, gammafunk_ghost_nasty_kobolds

Skill      XL: |  1  2  3  4  5  6  7 |
---------------+----------------------+-----
Dodging        | 3 4 |  4.8
Spellcasting   | 3 4 |  4.5
Hexes          | 4 5 |  5.0
Short Blades   | 2 3 |  3.3
Stealth        | 5 6 |  6.4
Fighting       | 1 2 |  2.3
Conjurations   | 1 |  1.0

Action                   |  1- 3 |  4- 6 |  7- 9 || total
-------------------------+-------+-------+-------++-------
Melee: Dagger            |    95 |   157 |     4 ||   256
       Punch             |     1 |       |       ||     1
Throw: Dart              |       |     3 |       ||     3
 Cast: Ensorcelled Hiber |     6 |    16 |       ||    22
       Confusing Touch   |       |     4 |     1 ||     5
       Dazzling Flash    |       |     1 |       ||     1
 Stab: Sleeping          |    16 |    13 |       ||    29
       Distracted        |     1 |     1 |       ||     2
       Invisible         |       |     1 |       ||     1
       Confused          |       |       |     1 ||     1
Armor: Robe              |     7 |    21 |       ||    28
Dodge: Dodged            |    63 |   121 |     5 ||   189

Table legend: (Time is in decaauts)
 A = Elapsed time spent in this place.
 B = Non-inter-level travel time spent in this place.
 C = Inter-level travel time spent in this place.
 D = Time resting spent in this place.
 E = Time spent auto-exploring this place.
 F = Levels seen in this place.
 G = Mean time per level.
                   A        B        C        D        E       F      G
               +--------+--------+--------+--------+--------+-----+--------+
         Total |   2226 |   2147 |     79 |     38 |   1524 |   5 |  445.2 |
       Dungeon |   2062 |   1983 |     79 |     38 |   1403 |   4 |  515.5 |
         Sewer |    163 |    163 |      0 |      0 |    121 |   1 |  163.0 |
               +--------+--------+--------+--------+--------+-----+--------+

Top non-repeatable levels by time:
     D:3: 970 daAuts
     D:1: 513 daAuts
     D:2: 395 daAuts
     D:4: 184 daAuts
   Sewer: 163 daAuts
